[Event "Titled Tuesday Blitz January 31 Early 2023"]
[White "Timofeev, Artyom"]
[Black "Martynov, Pavel"]
[WhiteFideId "4140419"]
[BlackFideId "4101260"]
[WhiteElo "2567"]
[BlackElo "2414"]
[Result "1-0"]
[Round "08"]
[TimeControl "180+2"]
[Date "2023.01.31"]
[WhiteClock "0:00:11"]
[BlackClock "0:00:10"]

1. e4 c5 2. Nf3 e6 3. d4 cxd4 4. Nxd4 Nc6 5. Nc3 Qc7 6. h4 a6 7. g4 Bb4 8. Bg2 h5 9. gxh5 Nf6 10. h6 gxh6 11. Be3 Ne5 12. Ne2 Rg8 13. Kf1 Nfg4 14. Bf4 b5 15. f3 Nf6 16. Qd4 Bxc3 17. Qxc3 Qxc3 18. Nxc3 Nc4 19. b3 Nh5 20. Bxh6 Ng3+ 21. Kf2 Nxh1+ 22. Rxh1 Ne5 23. h5 Bb7 24. Bf4 f6 25. Ne2 Kf7 26. Rd1 Ke7 27. h6 Rac8 28. c3 Ng6 29. Be3 Rh8 30. b4 d6 31. Bh3 Ne5 32. Nd4 Nc4 33. Bc1 f5 34. exf5 e5 35. f6+ Kxf6 36. Bxc8 Bxc8 37. Nb3 Be6 38. Na5 Ke7 39. Nxc4 Bxc4 40. a3 Ke6 41. Rg1 Bd3 42. Rg7 Kd5 43. Rc7 Rh7 44. Rc8 Bc4 45. Kg3 Bd3 46. Kg4 e4 47. fxe4+ Bxe4 48. Kg5 Bd3 49. Rg8 Rf7 50. Bf4 Rf5+ 51. Kg4 Rf7 52. Ra8 Bf5+ 53. Kg5 Be6 54. Be3 Rf5+ 55. Kg6 Re5 56. Bg5 Re2 57. h7 Rh2 58. h8=Q Rxh8 59. Rxh8 Kc4 60. Ra8 Bd5 61. Rxa6 Kxc3 62. Rxd6 Bc4 63. Kf6 Kb3 64. Bc1 Ka4 65. Be3 Kxa3 66. Bc5 Kb3 67. Ke5 Kc3 68. Ra6 Kb3 69. Kd4 Be2 70. Ke5 Bc4 71. Kd6 Bd3 72. Kc6 Be2 73. Kb6 Bd3 74. Ra5 Be2 75. Rxb5 Bxb5 76. Kxb5 Kc3 77. Kc6 Kc4 78. b5 1-0


[Site "https://www.chess.com"]

[Event "Titled Tuesday Blitz January 31 Early 2023"]
[White "Yeletsky, Ivan"]
[Black "Kim, Sergey"]
[WhiteFideId "24180327"]
[BlackFideId "13700570"]
[WhiteElo "2494"]
[BlackElo "2295"]
[Result "1-0"]
[Round "08"]
[TimeControl "180+2"]
[Date "2023.01.31"]
[WhiteClock "0:00:12"]
[BlackClock "0:00:10"]

1. d3 Nf6 2. Nf3 g6 3. e4 d6 4. g3 Bg7 5. Bg2 O-O 6. O-O e5 7. c3 Re8 8. Nbd2 c6 9. a4 a5 10. d4 exd4 11. Nxd4 Nbd7 12. Qc2 Nc5 13. b3 Qc7 14. Bb2 b6 15. Nxc6 Ba6 16. Nd4 Bxf1 17. Rxf1 Rad8 18. Nb5 Qb8 19. c4 Re7 20. Bd4 Rde8 21. Qb2 Nh5 22. Bxg7 Nxg7 23. f3 f5 24. Nc3 Rf7 25. f4 fxe4 26. Ndxe4 Nxe4 27. Nxe4 Qd8 28. Ng5 Rfe7 29. Bd5+ Kh8 30. Nf7+ Rxf7 31. Bxf7 Re7 32. Bd5 Qd7 33. Rf2 h6 34. Kg2 Kh7 35. Re2 Nf5 36. Be4 Ng7 37. Qc2 Re6 38. h4 h5 39. Bd3 Qe7 40. Bxg6+ Kh6 41. Rxe6 Qxe6 42. Bd3 Qe3 43. Qe2 Qd4 44. Qe4 Qb2+ 45. Kh3 Qf6 46. Qh7# 1-0


[Site "https://www.chess.com"]

[Event "Titled Tuesday Blitz January 31 Early 2023"]
[White "Sychev, Klementy"]
[Black "Najdin, Danil"]
[WhiteFideId "4114060"]
[BlackFideId "4172426"]
[WhiteElo "2547"]
[BlackElo "2235"]
[Result "1-0"]
[Round "08"]
[TimeControl "180+2"]
[Date "2023.01.31"]
[WhiteClock "0:00:30"]
[BlackClock "0:00:02"]

1. e4 g6 2. d4 c6 3. Nc3 d5 4. h3 Bg7 5. Nf3 Nf6 6. e5 Ne4 7. Bd3 Nxc3 8. bxc3 c5 9. a4 Nc6 10. O-O b6 11. Bb5 Bd7 12. e6 fxe6 13. Qe2 e5 14. Bxc6 Bxc6 15. Nxe5 Qd6 16. Bf4 O-O 17. Bg3 Qf6 18. a5 cxd4 19. cxd4 a6 20. axb6 Bb5 21. Qg4 Bxf1 22. Rxf1 Qxb6 23. Nd7 Qxd4 24. Qe6+ Rf7 25. Be5 Qe4 26. Qc6 Rd8 27. Bxg7 Kxg7 28. Nc5 Rd6 29. Qc8 Qf5 30. Qc7 Rdf6 31. Nd3 d4 32. Re1 Qd5 33. Re5 Qa2 34. Rxe7 Rxe7 35. Qxe7+ Qf7 36. Qc5 Qb7 37. g3 Qb5 38. Qc7+ Rf7 39. Qd6 Qb1+ 40. Kg2 Qxc2 41. Qxd4+ Kg8 42. Ne5 Rf8 43. h4 Qf5 44. Ng4 1-0


[Site "https://www.chess.com"]

[Event "Titled Tuesday Blitz January 31 Early 2023"]
[White "Rakhmatullaev, Almas"]
[Black "Sukandar, Irine Kharisma"]
[WhiteFideId "14205793"]
[BlackFideId "7101937"]
[WhiteElo "2275"]
[BlackElo "2390"]
[Result "0-1"]
[Round "08"]
[TimeControl "180+2"]
[Date "2023.01.31"]
[WhiteClock "0:00:03"]
[BlackClock "0:00:24"]

1. e4 e5 2. Nf3 d6 3. d4 exd4 4. Nxd4 Nf6 5. Nc3 Be7 6. Be2 O-O 7. O-O Re8 8. f4 Bf8 9. Bf3 c5 10. Nb3 Nc6 11. Re1 a6 12. Be3 Bd7 13. a4 Nb4 14. Qd2 Bc6 15. Bf2 b5 16. axb5 axb5 17. Rad1 Na2 18. e5 Bxf3 19. gxf3 Nxc3 20. Qxc3 Nh5 21. exd6 Rxe1+ 22. Qxe1 Nxf4 23. Bg3 Ne6 24. Qe4 Ra4 25. Qc6 c4 26. Qxb5 Qa8 27. Nd4 Ra1 28. Rxa1 Qxa1+ 29. Kg2 Nxd4 30. Qxc4 Qd1 31. d7 Qxf3+ 32. Kg1 Ne6 33. Qxe6 Bc5+ 34. Bf2 Qxf2+ 35. Kh1 Qg1# 0-1


[Site "https://www.chess.com"]

[Event "Titled Tuesday Blitz January 31 Early 2023"]
[White "Koelle, Tobias"]
[Black "Kalogeris, Ioannis"]
[WhiteFideId "16207378"]
[BlackFideId "4239563"]
[WhiteElo "2432"]
[BlackElo "2423"]
[Result "1-0"]
[Round "08"]
[TimeControl "180+2"]
[Date "2023.01.31"]
[WhiteClock "0:01:46"]
[BlackClock "0:00:36"]

1. c3 d5 2. Qa4+ c6 3. Qh4 Nf6 4. f3 e5 5. Kd1 e4 6. Qe1 Bf5 7. g4 Bg6 8. Nh3 Be7 9. Nf4 d4 10. h4 e3 11. d3 Qd6 12. Qg3 Nd5 13. Nh5 Bxh5 14. Qxd6 Bxd6 15. gxh5 c5 16. Na3 Nf4 17. b4 cxb4 18. Nb5 Kd7 19. Nxd6 Kxd6 20. cxd4 Re8 21. Rg1 Nxh5 22. Rg5 g6 23. Rb1 Nc6 24. d5 f6 25. Rxh5 gxh5 26. dxc6 a5 27. cxb7 Rab8 28. Bb2 f5 29. f4 Rg8 30. Be5+ 1-0


[Site "https://www.chess.com"]

[Event "Titled Tuesday Blitz January 31 Early 2023"]
[White "Wong, Yinn Long"]
[Black "Ilkhomi, Jaloliddin"]
[WhiteFideId "5707684"]
[BlackFideId "14700948"]
[WhiteElo "2371"]
[BlackElo "1997"]
[Result "1/2-1/2"]
[Round "08"]
[TimeControl "180+2"]
[Date "2023.01.31"]
[WhiteClock "0:00:04"]
[BlackClock "0:00:04"]

1. d4 Nf6 2. Bf4 e6 3. e3 b6 4. Nd2 Bb7 5. Ngf3 d5 6. Bd3 Nbd7 7. c3 Bd6 8. Ne5 Qe7 9. Bg3 O-O 10. Qf3 c5 11. a4 Rac8 12. Bf4 Bb8 13. h4 Nxe5 14. dxe5 Ne4 15. Nxe4 dxe4 16. Bxe4 Bxe4 17. Qxe4 Qd7 18. O-O Qd5 19. Qxd5 exd5 20. Rfd1 Rfd8 21. Rd2 Rd7 22. Rad1 Rcd8 23. Bg5 Re8 24. Rxd5 Rxd5 25. Rxd5 Bxe5 26. g3 f6 27. Bf4 Bxf4 28. gxf4 Re7 29. a5 Kf7 30. Rd6 Rb7 31. axb6 axb6 32. Kg2 Ke7 33. Rd2 f5 34. Kf3 Ra7 35. b4 Ra3 36. bxc5 bxc5 37. Rd5 Rxc3 38. Rxf5 Rc1 39. Ke4 c4 40. h5 Kd6 41. Rf7 c3 42. Kd3 Rg1 43. Kxc3 Ke6 44. Ra7 Kf6 45. h6 gxh6 46. Rxh7 Kg6 47. Rh8 Rf1 48. Kd4 Rxf2 49. Ke5 Ra2 50. f5+ Kg7 51. Rd8 Ra5+ 52. Kf4 h5 53. e4 h4 54. Kg4 Ra4 55. Re8 Kf7 56. Re6 Ra1 57. Kxh4 Rg1 58. Kh5 Rg3 59. Kh4 Rg1 60. Kh3 Rg8 61. Kh4 Rg1 1/2-1/2


[Site "https://www.chess.com"]

[Event "Titled Tuesday Blitz January 31 Early 2023"]
[White "Preotu, Razvan"]
[Black "Ismagilov, Damir"]
[WhiteFideId "2613280"]
[BlackFideId "34199982"]
[WhiteElo "2475"]
[BlackElo "2156"]
[Result "1-0"]
[Round "08"]
[TimeControl "180+2"]
[Date "2023.01.31"]
[WhiteClock "0:01:08"]
[BlackClock "0:01:06"]

1. e4 g6 2. d4 Bg7 3. Nc3 d6 4. Be3 Nf6 5. Qd2 c6 6. Bh6 O-O 7. O-O-O b5 8. f3 b4 9. Nce2 a5 10. h4 Be6 11. h5 Bxa2 12. hxg6 fxg6 13. Bxg7 Kxg7 14. Qh6+ Kg8 15. e5 Qc7 16. Nf4 dxe5 17. Nxg6 Rf7 18. dxe5 Nd5 19. Nh3 Rg7 20. Ng5 e6 21. Nxe6 Rxg6 22. Qf8# 1-0


[Site "https://www.chess.com"]

[Event "Titled Tuesday Blitz January 31 Early 2023"]
[White "Goltsev, Dmitry"]
[Black "Roux, Baptiste"]
[WhiteFideId "24176710"]
[BlackFideId "36017450"]
[WhiteElo "2269"]
[BlackElo "2300"]
[Result "1-0"]
[Round "08"]
[TimeControl "180+2"]
[Date "2023.01.31"]
[WhiteClock "0:00:18"]
[BlackClock "0:00:03"]

1. e4 c5 2. Nf3 e6 3. d4 cxd4 4. Nxd4 Nf6 5. Nc3 Nc6 6. Be2 Bb4 7. Qd3 d5 8. exd5 exd5 9. O-O h6 10. a3 Bc5 11. Be3 Bb6 12. Rad1 O-O 13. Bf3 Ne5 14. Qe2 Re8 15. h3 Nc4 16. b3 Nxe3 17. fxe3 Qd6 18. b4 Qe5 19. Rfe1 Bc7 20. g4 Ne4 21. Bxe4 dxe4 22. Qg2 Bd7 23. Rf1 Rad8 24. Nce2 g6 25. Nf4 Bb5 26. Rf2 Bc4 27. h4 Bb6 28. c3 Kh7 29. g5 hxg5 30. hxg5 Kg7 31. Qg3 Bc7 32. Kg2 Rh8 33. Rfd2 Bd3 34. Rf2 Rh7 35. Nfe6+ fxe6 36. Qxe5+ Bxe5 37. Nxe6+ Kg8 38. Nxd8 Rh2+ 39. Kg1 Rh3 40. Ne6 Bxc3 41. Rc1 Bb2 42. Rc8+ Kh7 43. Rf7+ Bg7 44. Rxg7# 1-0


[Site "https://www.chess.com"]

[Event "Titled Tuesday Blitz January 31 Early 2023"]
[White "Defend, Balint"]
[Black "Kosteniuk, Alexandra"]
[WhiteFideId "17004853"]
[BlackFideId "4128125"]
[WhiteElo "1673"]
[BlackElo "2535"]
[Result "0-1"]
[Round "08"]
[TimeControl "180+2"]
[Date "2023.01.31"]
[WhiteClock "0:00:01"]
[BlackClock "0:01:09"]

1. e4 c6 2. d4 d5 3. e5 c5 4. dxc5 e6 5. Be3 Nd7 6. c4 Nxc5 7. cxd5 exd5 8. Bxc5 Bxc5 9. Bb5+ Bd7 10. Qxd5 Bxb5 11. Qxc5 Qd3 12. Nd2 Rd8 13. Qc3 Qg6 14. Ngf3 Ne7 15. Nc4 O-O 16. O-O Nd5 17. Qb3 Nf4 18. Ne3 Bxf1 19. Rxf1 Rd3 20. Qc4 Nxg2 21. Nxg2 Rxf3 22. Kh1 Qb6 23. Nh4 Rxf2 24. Rg1 Qxb2 25. Nf3 Qe2 26. Qxe2 Rxe2 27. a4 b6 0-1


[Site "https://www.chess.com"]

[Event "Titled Tuesday Blitz January 31 Early 2023"]
[White "Lotfizadeh, Mehdi"]
[Black "Ajay, Karthikeyan"]
[WhiteFideId "42513618"]
[BlackFideId "35011685"]
[WhiteElo "1529"]
[BlackElo "2454"]
[Result "1-0"]
[Round "08"]
[TimeControl "180+2"]
[Date "2023.01.31"]
[WhiteClock "0:01:45"]
[BlackClock "0:01:03"]

1. Nf3 Nf6 2. g3 b5 3. Bg2 Bb7 4. O-O e6 5. b3 Be7 6. c4 bxc4 7. bxc4 O-O 8. Nc3 d5 9. Rb1 Ba6 10. cxd5 Nxd5 11. Nxd5 exd5 12. d3 Bf6 13. Qa4 Qd7 14. Qa5 Re8 15. Rxb8 Raxb8 16. Qxa6 Rxe2 17. Qxa7 Qc8 18. Bf4 Ra8 19. Qc5 Raxa2 20. Qxd5 h6 21. Nd4 Reb2 22. Be5 Bxe5 23. Qxe5 Qd7 24. Nf5 Rb5 25. Qxg7# 1-0


[Site "https://www.chess.com"]

[Event "Titled Tuesday Blitz January 31 Early 2023"]
[White "Senthil, Maran K"]
[Black "Tristan, Leonardo"]
[WhiteFideId "25035681"]
[BlackFideId "113816"]
[WhiteElo "2209"]
[BlackElo "2545"]
[Result "1-0"]
[Round "08"]
[TimeControl "180+2"]
[Date "2023.01.31"]
[WhiteClock "0:00:14"]
[BlackClock "0:00:03"]

1. c4 e6 2. Nf3 d5 3. d4 Nf6 4. g3 Be7 5. Bg2 O-O 6. Qc2 b6 7. cxd5 exd5 8. O-O c5 9. Nc3 Bb7 10. dxc5 bxc5 11. Ne5 Qc8 12. Bg5 d4 13. Bxf6 Bxf6 14. Nd5 Bd8 15. Rac1 Na6 16. Nd3 Rb8 17. Nxc5 Nxc5 18. Qxc5 Qxc5 19. Rxc5 Bxd5 20. Bxd5 Rxb2 21. Bc4 Bb6 22. Rf5 g6 23. Re5 Kg7 24. Rd1 Rb4 25. Bb3 a5 26. Rd3 a4 27. Bd5 Rb5 28. Rf3 Bc7 29. Re7 Rxd5 30. Rxc7 Re5 31. Kf1 g5 32. Rc4 Re4 33. Rxa4 Rfe8 34. Ra7 Rxe2 35. Rfxf7+ Kg6 36. Rg7+ Kf5 37. Raf7+ Kg4 38. Kg2 Kh5 39. Rxh7+ Kg6 40. Rhg7+ Kh6 41. g4 d3 42. Rh7+ Kg6 43. Rhg7+ Kh6 44. Rd7 d2 45. Rgf7 R8e4 46. Rf6# 1-0


[Site "https://www.chess.com"]

[Event "Titled Tuesday Blitz January 31 Early 2023"]
[White "Hasangatin, Ramil"]
[Black "Manukyan, Artyom"]
[WhiteFideId "4122160"]
[BlackFideId "13305786"]
[WhiteElo "2457"]
[BlackElo "2110"]
[Result "1-0"]
[Round "08"]
[TimeControl "180+2"]
[Date "2023.01.31"]
[WhiteClock "0:01:03"]
[BlackClock "0:00:01"]

1. e4 c5 2. Nf3 d6 3. d4 cxd4 4. Qxd4 Nc6 5. Bb5 Bd7 6. Bxc6 Bxc6 7. Nc3 Nf6 8. Bg5 e6 9. O-O-O Be7 10. Rhe1 O-O 11. Qd2 Qc7 12. Nd4 Be8 13. Kb1 a6 14. f3 b5 15. g4 b4 16. Nce2 a5 17. Ng3 a4 18. Rg1 a3 19. b3 Rc8 20. Nh5 Nxh5 21. gxh5 Bxg5 22. Rxg5 Qc3 23. Qxc3 Rxc3 24. Rdg1 g6 25. R5g3 Kh8 26. hxg6 hxg6 27. h4 e5 28. Ne2 Re3 29. Nc1 f5 30. exf5 Rxf5 31. Nd3 Rexf3 32. Rxf3 Rxf3 33. Nxb4 e4 34. Re1 Rf4 35. Kc1 Rxh4 36. Kd2 g5 37. Ke3 Bg6 38. Rg1 Rh3+ 39. Kd4 Rh5 40. Nd5 Kg7 41. b4 Kh6 42. b5 Rh2 43. Ne3 Be8 44. Rb1 1-0


[Site "https://www.chess.com"]

[Event "Titled Tuesday Blitz January 31 Early 2023"]
[White "Starozhilov, Leonid"]
[Black "Ongut, Tamas Gunes"]
[WhiteFideId "14106752"]
[BlackFideId "770280"]
[WhiteElo "2313"]
[BlackElo "2299"]
[Result "1-0"]
[Round "08"]
[TimeControl "180+2"]
[Date "2023.01.31"]
[WhiteClock "0:01:32"]
[BlackClock "0:02:02"]

1. e4 c5 2. Nf3 e6 3. c4 Nc6 4. d4 cxd4 5. Nxd4 Nf6 6. Nc3 Bb4 7. Nxc6 bxc6 8. Bd3 d5 9. exd5 exd5 10. O-O O-O 11. Bg5 h6 12. Bh4 Be7 13. cxd5 cxd5 14. Bxf6 Bxf6 15. Nxd5 Bxb2 16. Rb1 Be5 17. Re1 Bd6 18. Qf3 Qh4 19. Ne7+ Kh8 20. g3 Qd4 21. Qxa8 Bc5 22. Qf3 Bg4 23. Qf4 1-0


[Site "https://www.chess.com"]

[Event "Titled Tuesday Blitz January 31 Early 2023"]
[White "Mirzoev, Azer"]
[Black "Ronka, Erik"]
[WhiteFideId "13400304"]
[BlackFideId "505080"]
[WhiteElo "2416"]
[BlackElo "2276"]
[Result "1-0"]
[Round "08"]
[TimeControl "180+2"]
[Date "2023.01.31"]
[WhiteClock "0:00:16"]
[BlackClock "0:00:03"]

1. c4 c6 2. e4 d5 3. exd5 cxd5 4. cxd5 Nf6 5. Qa4+ Nbd7 6. Nc3 g6 7. Bc4 Bg7 8. d3 O-O 9. Nf3 a6 10. Qa3 b6 11. O-O Bb7 12. Re1 Re8 13. Ng5 Rc8 14. d6 e6 15. Bf4 b5 16. Bb3 Qb6 17. Qb4 Bf8 18. Nge4 Nh5 19. Be3 Qc6 20. Rac1 Ne5 21. Red1 Qd7 22. a4 Nc6 23. Qc5 Na5 24. Qxh5 gxh5 25. Nf6+ Kg7 26. Nxd7 Nxb3 27. Rb1 Bxd6 28. axb5 axb5 29. Nxb5 Be7 30. Nb6 Rb8 31. Nc3 Bxg2 32. Kxg2 Nc5 33. Bxc5 Bxc5 34. Nd7 Rbc8 35. Nxc5 Rxc5 36. d4 Rg5+ 37. Kf1 Kh6 38. Ke2 Rg2 39. h3 e5 40. dxe5 Rxe5+ 41. Kf1 Rh2 42. Rd3 Rc5 43. Rbd1 Rh1+ 44. Kg2 Rxd1 45. Nxd1 Rc4 46. Ne3 Rb4 47. b3 Kg5 48. Rc3 f5 49. Nd5 Rb5 50. f4+ Kg6 51. Ne3 h4 52. Kf3 Rb4 53. Rd3 Kh5 54. Rc3 h6 55. Rc5 Kg6 56. Rc6+ Kh5 57. Rc5 1-0


[Site "https://www.chess.com"]

[Event "Titled Tuesday Blitz January 31 Early 2023"]
[White "Vagman, Roy"]
[Black "Vlassov, Nikolai"]
[WhiteFideId "2828995"]
[BlackFideId "4103360"]
[WhiteElo "2273"]
[BlackElo "2283"]
[Result "0-1"]
[Round "08"]
[TimeControl "180+2"]
[Date "2023.01.31"]
[WhiteClock "0:00:03"]
[BlackClock "0:00:12"]

1. Nf3 c5 2. c4 g6 3. Nc3 Bg7 4. g3 Nc6 5. Bg2 d6 6. O-O h5 7. h4 Nh6 8. Rb1 Nf5 9. e3 O-O 10. a3 b6 11. Qc2 Bb7 12. d3 Rc8 13. b4 e6 14. Nd2 g5 15. hxg5 Qxg5 16. Nce4 Qg6 17. bxc5 dxc5 18. Nf3 Rc7 19. Bb2 e5 20. Nc3 Nce7 21. Ne4 f6 22. a4 Rd8 23. a5 Rcd7 24. Rbd1 h4 25. Nxh4 Nxh4 26. gxh4 Nf5 27. h5 Qxh5 28. Ng3 Nxg3 29. fxg3 Bxg2 30. Kxg2 Qg6 31. axb6 axb6 32. e4 Kf7 33. Rf3 Rh8 34. Bxe5 Qh5 35. Rf2 Qxe5 36. Rdf1 Ke7 37. Qe2 Qh5 38. Qxh5 Rxh5 39. Rf3 Rh8 40. Rb1 Rd6 41. Rb3 Rhd8 42. g4 Bh6 43. Kg3 Bd2 44. Kf2 Bb4 45. Ke2 Ra8 46. Rb2 Ra3 47. Rc2 Rc3 48. Rxc3 Bxc3 49. Ke3 Bd4+ 50. Ke2 Rd7 51. Rh3 Ke6 52. Kf3 Ra7 53. Rh6 Ra2 54. g5 Rf2+ 55. Kg3 Rd2 56. g6 Rxd3+ 57. Kg4 Re3 58. Rh8 Rxe4+ 59. Kf3 Re3+ 60. Kg2 Be5 61. g7 Rg3+ 62. Kf2 Rxg7 63. Re8+ Re7 64. Rc8 Kf5 65. Rc6 Bd4+ 66. Kf3 Re3+ 67. Kg2 Rb3 68. Rd6 Ke4 69. Re6+ Kd3 70. Kf3 Kxc4+ 71. Ke2 f5 72. Kd1 f4 73. Re8 f3 74. Rf8 f2 75. Kc2 Rb2+ 76. Kc1 Re2 77. Kd1 Re1+ 78. Kd2 f1=Q 79. Rf3 Qe2# 0-1


[Site "https://www.chess.com"]

[Event "Titled Tuesday Blitz January 31 Early 2023"]
[White "Bouget, Alexandre"]
[Black "Cunha, Lucas Aguiar"]
[WhiteFideId "681318"]
[BlackFideId "2125404"]
[WhiteElo "2267"]
[BlackElo "2309"]
[Result "0-1"]
[Round "08"]
[TimeControl "180+2"]
[Date "2023.01.31"]
[WhiteClock "0:00:01"]
[BlackClock "0:01:14"]

1. d4 Nf6 2. c4 e6 3. Nc3 Bb4 4. Qc2 Nc6 5. Nf3 O-O 6. e4 Bxc3+ 7. bxc3 d6 8. Bd3 e5 9. Bg5 h6 10. Bh4 Re8 11. O-O b6 12. c5 g5 13. Nxg5 hxg5 14. Bxg5 exd4 15. f4 dxc5 16. e5 dxc3 17. Bh7+ Nxh7 18. Bxd8 Nd4 19. Qf2 Rxd8 20. Qg3+ Kh8 21. Qh4 Bb7 22. f5 Rg8 23. g3 Nf3+ 24. Rxf3 Bxf3 25. Qf4 Bd5 26. e6 fxe6 27. fxe6 Rg7 28. Re1 Re8 29. Qc1 Bxa2 30. Qxc3 Bxe6 31. Qf3 Rf8 32. Qc6 Bh3 33. Re8 Rf7 34. Rxf8+ Rxf8 0-1


[Site "https://www.chess.com"]

[Event "Titled Tuesday Blitz January 31 Early 2023"]
[White "Dehtiarov, Roman"]
[Black "Rodriguez, Santiago"]
[WhiteFideId "14186640"]
[BlackFideId "3000591"]
[WhiteElo "2289"]
[BlackElo "2252"]
[Result "1-0"]
[Round "08"]
[TimeControl "180+2"]
[Date "2023.01.31"]
[WhiteClock "0:02:08"]
[BlackClock "0:02:27"]

1. e4 c5 2. Nc3 Nc6 3. f4 a6 4. Nf3 e6 5. g3 b5 6. Bg2 Bb7 7. O-O Nf6 8. e5 b4 9. exf6 bxc3 10. fxg7 Bxg7 11. dxc3 Qb6 12. Be3 Qxb2 13. Rb1 Qxc3 14. Rb3 Qxb3 15. axb3 d5 16. Bxc5 Rc8 17. Bd4 f6 18. Re1 Kf7 19. Bh3 Nxd4 20. Nxd4 1-0


[Site "https://www.chess.com"]

[Event "Titled Tuesday Blitz January 31 Early 2023"]
[White "Leiva, Gianmarco"]
[Black "Wahedi, Ahmad Siar"]
[WhiteFideId "3804399"]
[BlackFideId "4651260"]
[WhiteElo "2392"]
[BlackElo "2274"]
[Result "0-1"]
[Round "08"]
[TimeControl "180+2"]
[Date "2023.01.31"]
[WhiteClock "0:00:03"]
[BlackClock "0:01:02"]

1. e4 e6 2. d4 d5 3. Nc3 Bb4 4. e5 c5 5. a3 Bxc3+ 6. bxc3 Qc7 7. Qg4 Ne7 8. Qxg7 Rg8 9. Qxh7 cxd4 10. Ne2 dxc3 11. Qd3 Nbc6 12. f4 d4 13. g3 b6 14. Bg2 Bb7 15. Be4 O-O-O 16. Rb1 Kb8 17. a4 Nf5 18. Ba3 Na5 19. O-O Nc4 20. Bxb7 Kxb7 21. Bc1 Qc6 22. Qf3 Nce3 23. Bxe3 Nxe3 24. Qxc6+ Kxc6 25. Rf3 Nxc2 26. Nxc3 a5 27. Ne4 Nb4 28. Rc1+ Kb7 29. Nd6+ Ka6 30. Nxf7 Rc8 31. Rd1 d3 32. Ng5 Rc6 33. h4 Rd8 34. h5 d2 0-1


[Site "https://www.chess.com"]

[Event "Titled Tuesday Blitz January 31 Early 2023"]
[White "Alex_Sahakyan2006"]
[Black "Belov, Alexei"]
[BlackFideId "4128206"]
[WhiteElo "2661"]
[BlackElo "2421"]
[Result "1-0"]
[Round "08"]
[TimeControl "180+2"]
[Date "2023.01.31"]
[WhiteClock "0:00:27"]
[BlackClock "0:00:09"]

1. c4 e6 2. Nf3 d5 3. g3 Nf6 4. Bg2 Be7 5. O-O O-O 6. b3 c5 7. Bb2 dxc4 8. bxc4 Nc6 9. d3 Qc7 10. Nc3 a6 11. Nd2 Rb8 12. Ndb1 b5 13. cxb5 axb5 14. Nd2 Rd8 15. Rc1 Nd4 16. Nce4 Nxe4 17. Nxe4 f5 18. Nxc5 Bxc5 19. e3 Bb7 20. Bxb7 Qxb7 21. exd4 Bxd4 22. Bxd4 Rxd4 23. Qe2 Qd5 24. Rfe1 Rxd3 25. Qxe6+ Qxe6 26. Rxe6 Rd7 27. Re5 g6 28. Rc2 b4 29. h4 Ra7 30. Re3 Rba8 31. Ree2 Rg7 32. Rc4 Rb7 33. Kg2 Kg7 34. Rd4 Ra6 35. Rd3 h5 36. Kf3 Rba7 37. Rdd2 Kh6 38. Rb2 Ra3+ 39. Kf4 R7a4 40. Ke5 Rf3 41. Rbd2 Ra5+ 42. Rd5 Rxd5+ 43. Kxd5 b3 44. a4 Rc3 45. Rb2 Rc2 46. Rxb3 Rxf2 47. Ra3 f4 48. gxf4 Rxf4 49. a5 Rxh4 50. a6 Rh1 51. a7 Rd1+ 52. Ke4 Rd8 53. a8=Q Rxa8 54. Rxa8 Kg5 55. Kf3 Kh4 56. Ra4+ Kh3 57. Ra1 Kh2 58. Ra5 h4 59. Rg5 h3 60. Rg3 g5 61. Kg4 Kh1 62. Kxh3 g4+ 63. Kxg4 1-0


[Site "https://www.chess.com"]

[Event "Titled Tuesday Blitz January 31 Early 2023"]
[White "Jimenez, Joaquin"]
[Black "Piesik, Piotr"]
[WhiteFideId "109860"]
[BlackFideId "1136194"]
[WhiteElo "2195"]
[BlackElo "2426"]
[Result "0-1"]
[Round "08"]
[TimeControl "180+2"]
[Date "2023.01.31"]
[WhiteClock "0:02:09"]
[BlackClock "0:02:09"]

1. e4 g6 2. d4 Bg7 3. Nc3 c6 4. Be3 d5 5. e5 Nh6 6. Qd2 Nf5 7. O-O-O Nxe3 8. fxe3 f6 9. exf6 exf6 10. e4 O-O 11. exd5 cxd5 12. Nf3 Nc6 13. Kb1 Bf5 14. Bb5 Nb4 15. Ne1 a6 16. Ba4 Rf7 17. a3 Nc6 18. Nf3 Na5 19. Qf2 b5 20. Nxb5 axb5 21. Bxb5 Qb6 22. a4 Qxb5 23. axb5 Nb3 0-1


[Site "https://www.chess.com"]

[Event "Titled Tuesday Blitz January 31 Early 2023"]
[White "Taspinar, Yanki"]
[Black "Gjestemoen-VonHirsch, Andre"]
[WhiteFideId "34561188"]
[BlackFideId "1539531"]
[WhiteElo "2262"]
[BlackElo "2314"]
[Result "1-0"]
[Round "08"]
[TimeControl "180+2"]
[Date "2023.01.31"]
[WhiteClock "0:00:07"]
[BlackClock "0:00:04"]

1. Nf3 Nf6 2. c4 g6 3. g3 Bg7 4. Bg2 O-O 5. O-O c6 6. d4 d5 7. Qb3 dxc4 8. Qxc4 Be6 9. Qd3 Bf5 10. Qc4 Be6 11. Qc2 Bf5 12. Qd1 Nbd7 13. Nc3 Qb6 14. b3 Ne4 15. Bb2 Nxc3 16. Bxc3 Be4 17. Qd2 Bxf3 18. Bxf3 e5 19. d5 cxd5 20. Qxd5 Nc5 21. Rfd1 Rad8 22. Qc4 Ne6 23. Bd5 Nd4 24. Bxd4 exd4 25. Rac1 Rd7 26. a4 Rfd8 27. Bf3 Qf6 28. Rd3 Qe5 29. Qb4 a5 30. Qb6 Bf8 31. Rc4 Bb4 32. Kg2 h5 33. h4 Qe6 34. Qb5 Kg7 35. Rc1 Qe5 36. Rcd1 Qxb5 37. axb5 Bc5 38. e3 b6 39. Bc6 Rd6 40. e4 f6 41. f4 Re6 42. Kf3 Rde8 43. Rc1 R8e7 44. Bd5 Rd6 45. Bc6 f5 46. e5 Rd8 47. Rc4 Kf7 48. Rc1 Ke6 49. Ke2 Rc7 50. Rdd1 Rxc6 51. bxc6 Rc8 52. Kd3 Rxc6 53. Rc4 b5 54. Rc2 Kd5 55. Rdc1 a4 56. bxa4 bxa4 57. Ra2 a3 58. Rb1 Be7 59. Rb5+ Bc5 60. Rxa3 Ke6 61. Raa5 Be7 62. Ra7 Bd8 63. Kxd4 Bb6+ 64. Rxb6 Rxb6 65. Rg7 Rb4+ 66. Kc3 Re4 67. Rxg6+ Kd5 68. Rd6+ Kc5 69. Kd3 Ra4 70. Rg6 Ra3+ 71. Kc2 Kd4 72. Rg5 Ra2+ 73. Kb3 Rg2 74. Kb4 Kd5 75. Rxf5 Rxg3 76. Rxh5 Rg4 77. Rf5 Ke6 78. Rf6+ Ke7 79. Kc5 Rxh4 80. Kd5 Rh1 81. Ke4 Rd1 82. Ra6 Re1+ 83. Kf5 Ke8 84. Ra7 Rf1 85. e6 Re1 86. Kf6 Rd1 87. Ra8+ Rd8 88. Rxd8+ 1-0


[Site "https://www.chess.com"]

[Event "Titled Tuesday Blitz January 31 Early 2023"]
[White "Panesso Rivera, Henry"]
[Black "Forgacs, Attila Jr."]
[WhiteFideId "4402707"]
[BlackFideId "773654"]
[WhiteElo "2342"]
[BlackElo "2264"]
[Result "1-0"]
[Round "08"]
[TimeControl "180+2"]
[Date "2023.01.31"]
[WhiteClock "0:01:30"]
[BlackClock "0:00:12"]

1. Nf3 Nf6 2. g3 g6 3. b3 Bg7 4. Bb2 O-O 5. Bg2 c5 6. O-O Nc6 7. c4 e6 8. d4 cxd4 9. Nxd4 Nxd4 10. Qxd4 Ne8 11. Qd2 Bxb2 12. Qxb2 d5 13. Rd1 Nc7 14. e4 Qg5 15. cxd5 exd5 16. exd5 Bg4 17. Rd2 Rad8 18. Nc3 Rfe8 19. Ne4 Rxe4 20. Bxe4 Ne6 21. f4 Nxf4 22. gxf4 Qxf4 23. Bg2 Re8 24. Qd4 Qf5 25. d6 Bf3 26. d7 Rd8 27. Rf1 1-0


[Site "https://www.chess.com"]

[Event "Titled Tuesday Blitz January 31 Early 2023"]
[White "Dimitrov, Atanas"]
[Black "Lorenzo De La Riva, Lazaro"]
[WhiteFideId "2901315"]
[BlackFideId "2268809"]
[WhiteElo "2269"]
[BlackElo "2404"]
[Result "0-1"]
[Round "08"]
[TimeControl "180+2"]
[Date "2023.01.31"]
[WhiteClock "0:00:05"]
[BlackClock "0:00:49"]

1. Nf3 d6 2. c4 e5 3. Nc3 f5 4. d3 Nf6 5. g3 Be7 6. Bg2 O-O 7. O-O c6 8. Qc2 Qe8 9. c5 Nbd7 10. cxd6 Bxd6 11. Bg5 h6 12. Bxf6 Nxf6 13. Rad1 Be6 14. e4 fxe4 15. dxe4 Bc4 16. Rxd6 Bxf1 17. Bxf1 Kh7 18. a4 Ng4 19. Bg2 Qe7 20. Rd2 Rad8 21. h3 Nf6 22. Ne1 Rxd2 23. Qxd2 Rd8 24. Qe3 b6 25. Nd3 Qd6 26. Bf1 Qd4 27. Qe1 a6 28. Nc1 b5 29. axb5 axb5 30. Bg2 Qb4 31. Qe2 Qd4 32. Kf1 b4 33. Na4 Qd1+ 34. Qxd1 Rxd1+ 35. Ke2 Rxc1 36. f4 Nd7 37. Kf3 c5 38. fxe5 Nxe5+ 39. Kf4 Nd3+ 40. Ke3 Nxb2 41. Nxb2 Rc2 42. Nd3 Rxg2 43. Nxc5 b3 44. Kf3 b2 45. Kxg2 b1=Q 46. Kf3 Qh1+ 47. Kg4 Qd1+ 48. Kf4 Qc1+ 49. Kf3 Qxc5 50. Kf4 Kg6 51. g4 Kf6 52. h4 Qf2# 0-1


[Site "https://www.chess.com"]